 Dungeon Crawl Stone Soup version 0.27-a0-1136-g0b992a5a9d (webtiles) character file.

Game seed: 5350914792415159683

451 robertstho the Magician (level 7, -1/47 HPs)
             Began as a Djinni Fire Elementalist on May 5, 2021.
             Was an Initiate of Ashenzari.
             Slain by Pikel
             ... wielding a +2 whip of electrocution
              (15 damage)
             ... on level 5 of the Dungeon.
             The game lasted 00:08:41 (6475 turns).

robertstho the Magician (Djinni Fire Elementalist)  Turns: 6475, Time: 00:08:42

Health: -1/47      AC:  3    Str:  7    XL:     7   Next: 4%
Gold:   1096       EV: 12    Int: 19    God:    Ashenzari [......] SH:  0 Dex: 13

rFire    + + .     SeeInvis .   m - +2 dagger (freeze)
rCold    x . .     Faith    .   (no shield)
rNeg     . . .     Spirit   .   a - +0 robe
rPois    ∞         Reflect  .   l - +0 helmet
rElec    .         Harm     .   (no cloak)
rCorr    .         Rampage  .   (no gloves)
Will     .....                  (boots unavailable)
Stlth    ++........             (no amulet)
HPRegen  0.15/turn              (no ring)
MPRegen  0.00/turn              (no ring)

@: flying, very slightly contaminated
A: sickness immunity, fire resistance 2, cold vulnerability 1, float, innate
caster, hp casting, extra vitality 1
a: Renounce Religion


You were on level 5 of the Dungeon.
You worshipped Ashenzari.
Ashenzari was noncommittal.
You visited 2 branches of the dungeon, and saw 6 of its levels.

You collected 1096 gold pieces.

Inventory:

Hand Weapons
 m - a +2 dagger of freezing (weapon)
Missiles
 x - a throwing net
Armour
 a - a +0 robe (worn)
 l - a +0 helmet (worn)
Jewellery
 f - a ring of resist corrosion
Wands
 s - a wand of digging (7)
Scrolls
 b - a scroll of fear
 e - 2 scrolls of teleportation
 i - a scroll of fog
 n - a scroll of blinking
 o - 4 scrolls of magic mapping
 t - 2 scrolls of vulnerability
 y - a scroll of immolation
Potions
 c - a potion of curing
 d - a potion of haste
 g - a potion of brilliance
 j - 2 potions of mutation
 k - a potion of ambrosia
 p - a potion of lignification
 r - 3 potions of might
 v - a potion of cancellation
Miscellaneous
 z - a piece from Xom's chessboard (15/15)


   Skills:
 + Level 1.0 Fighting
 + Level 2.8 Dodging
 + Level 2.6 Stealth
 + Level 5.9 Spellcasting


You couldn't memorise any spells.
You knew the following spells:

 Your Spells              Type           Power      Damage    Failure   Level
a - Foxfire               Conj/Fire      100%       2x1d9     1%          1
b - Conjure Flame         Conj/Fire      28%        6-21      3%          3
c - Inner Flame           Hex/Fire       28%        N/A       3%          3
d - Sticky Flame          Conj/Fire      28%        2d5       10%         4
e - Fireball              Conj/Fire      14%        3d8       26%         5
f - Animate Skeleton      Necr           56%        N/A       1%          1
g - Searing Ray           Conj           56%        3d5       1%          2
h - Static Discharge      Conj/Air       28%        N/A       1%          2
Your spell library was empty.

Dungeon Overview and Level Annotations

Branches:
Dungeon (5/15)             Temple (1/1) D:4

Altars:
Ashenzari
Cheibriados
Dithmenos
Elyvilon
Fedhas
Gozag
Hepliaklqana
Kikubaaqudgha
Makhleb
Okawaru
Qazlal
Sif Muna
Trog
Uskayaw
Vehumet
Wu Jian
Xom
Yredelemnul
Zin
The Shining One

Annotations:
D:2 1 runed translucent door, Crazy Yiuf
D:5 Pikel


Innate Abilities, Weirdness & Mutations

You are immune to sickness and miasma.
You are immune to poison.
Your flesh is very heat resistant. (rF++)
You are vulnerable to cold. (rC-)
You float through the air rather than walking.
You learn spells naturally, not from books.
Your magical power is your life essence.
You have superior vitality. (+4 HP)


Message History

Pikel is lightly wounded.
The foxfire hits Pikel but does no damage.
Pikel is lightly wounded.
Casting: Foxfire (safe; 1% risk of failure)
Press: ? - help, Q - select action, (/) - cycle Dir - look around, f - activate You conjure some foxfire!
Unknown command.
Casting: Foxfire (safe; 1% risk of failure)
Confirm with . or Enter, or press ? or * to list all spells.
The spell is quite dangerous to cast (10% risk of failure)!
Continue anyway? [Y]es or [N]o only, please.
The spell is quite dangerous to cast (10% risk of failure)!
Continue anyway?
Okay, then.
Casting: Sticky Flame (quite dangerous; 10% risk of failure)
Confirm with . or Enter, or press ? or * to list all spells.
The spell is quite dangerous to cast (10% risk of failure)!
Continue anyway?
Aiming: Sticky Flame (quite dangerous; 10% risk of failure)
Press: ? - help, Shift-Dir - straight line, f - Pikel
Aim: Pikel, wielding a +2 whip of electrocution and wearing a +2 robe of willpower (lightly wounded, ally target, 100% to hit)
You miscast Sticky Flame.
You are very lightly contaminated with residual magic.
A wave of violent energy washes through your body!
The foxfire hits Pikel.
Pikel is lightly wounded.
The foxfire hits Pikel.
Pikel is lightly wounded.
The foxfire hits Pikel but does no damage.
Pikel is lightly wounded.
Pikel hits you with a +2 whip of electrocution!
Casting: Sticky Flame (quite dangerous; 10% risk of failure)
Confirm with . or Enter, or press ? or * to list all spells.
The spell is quite dangerous to cast (10% risk of failure)!
Continue anyway?
Aiming: Sticky Flame (quite dangerous; 10% risk of failure)
Press: ? - help, Shift-Dir - straight line, f/p - Pikel
Aim: Pikel, wielding a +2 whip of electrocution and wearing a +2 robe of willpower (lightly wounded, 100% to hit)
A scorpion zombie comes into view.
Pikel hits you with a +2 whip of electrocution.
* * * LOW HITPOINT WARNING * * *
You are electrocuted!
You die...

#..###.##.#
#..#.P.##.#
#...≈≈≈...#
##.≈≈≈≈.###
#.#♣..## #. ##.#
# ##.########
####.##§.........
Z.....o@.########
[#####K#.# #5#[..
#5##### o5 .5 #..
#..


You could see Pikel, 4 lemures, 2 orcs and a scorpion zombie (wandering).

Vanquished Creatures
  A necrophage (D:4)
  A hound (D:4)
  A centaur skeleton (D:4)
  Robin (D:2)
  9 adders
  7 gnolls (D:4)
  A howler monkey skeleton (D:3)
  3 worms
  4 dart slugs
  5 orcs
  6 bats
  A bat zombie (D:2)
  9 endoplasms
  3 giant cockroaches
  20 goblins
  5 hobgoblins
  14 jackals
  5 quokkas
  4 ball pythons
  3 frilled lizards
  6 kobolds
  7 rats
  2 butterflies (D:4)
118 creatures vanquished.

Vanquished Creatures (others)
  474 foxfires
474 creatures vanquished.

Grand Total: 592 creatures vanquished

Notes
Turn   | Place    | Note
-------+----------+-------------------------------------------
     0 | D:1      | robertstho the Djinni Fire Elementalist began the quest for
                  | the Orb.
     0 | D:1      | Reached XP level 1. HP: 15/15 MP: 0/0
   244 | D:1      | Reached skill level 3 in Spellcasting
   245 | D:1      | Reached XP level 2. HP: 15/21 MP: 0/0
  1405 | D:1      | Reached XP level 3. HP: 24/25 MP: 0/0
  1405 | D:1      | Learned a level 1 spell: Animate Skeleton
  2143 | D:2      | Reached XP level 4. HP: 25/31 MP: 0/0
  2302 | D:2      | Found a faded altar of an unknown god.
  2309 | D:2      | Reached skill level 4 in Spellcasting
  2316 | D:2      | Noticed Robin
  2318 | D:2      | Killed Robin
  2927 | D:2      | Reached XP level 5. HP: 31/35 MP: 0/0
  2927 | D:2      | Learned a level 2 spell: Searing Ray
  3480 | D:2      | Found a runed translucent door.
  3481 | D:2      | Noticed Crazy Yiuf
  4606 | D:4      | Found an iron altar of Okawaru.
  4734 | D:4      | Reached skill level 5 in Spellcasting
  4734 | D:4      | Reached XP level 6. HP: 37/41 MP: 0/0
  5099 | D:4      | Noticed a necrophage
  5111 | D:4      | Killed a necrophage
  5366 | D:4      | Found a shimmering altar of Xom.
  5520 | D:4      | Reached skill level 1 in Fighting
  5763 | D:4      | Found a burning altar of Makhleb.
  5771 | D:4      | Reached XP level 7. HP: 30/47 MP: 0/0
  5771 | D:4      | Learned a level 2 spell: Static Discharge
  5930 | D:4      | Found an ornate altar of the Wu Jian Council.
  6080 | D:4      | Found a staircase to the Ecumenical Temple.
  6092 | Temple   | Entered the Ecumenical Temple
  6265 | Temple   | Became a worshipper of Ashenzari the Shackled
  6265 | Temple   | Identified a scroll of acquirement
  6270 | Temple   | Acquired 947 gold pieces
  6448 | D:5      | Entered Level 5 of the Dungeon
  6467 | D:5      | Noticed Pikel
  6475 | D:5      | Slain by Pikel

Illustrated notes

Levels and vault maps discovered:
D:1:      psy_arrival_fountain, layout_basic
D:2:      minmay_general_purpose_star, layout_loops_ring,
          hellmonk_ecumenical_altar_crossroads, chequers_serial_rivers_micro_b,
          uniq_robin, uniq_crazy_yiuf_cottage, uniq_natasha
D:3:      layout_loops_cross
D:4:      layout_loops_ring, makhleb_blood_cavern_becter, okawaru_gym_becter,
          xom_butterflies, nicolae_wu_jian_immortal_techniques,
          temple_fountains, solitary_fountain, chequers_serial_rivers_marsh,
          kennysheep_generic_room_9
D:5:      layout_loops_ring, serial_shops, nicolae_shop_window_shopping,
          serial_bayou_pond_d, serial_bayou_ford_a, uniq_pikel, uniq_duvessa,
          uniq_prince_ribbit1
Temple:   regret_index_temple_sphere_string

Skill      XL: |  1  2  3  4  5  6 |
---------------+-------------------+-----
Spellcasting   | 3 4 5 |  5.9
Stealth        | 2 |  2.6
Fighting       | 1 |  1.0
Dodging        | |  2.8

Action                   |  1- 3 |  4- 6 |  7- 9 || total
-------------------------+-------+-------+-------++-------
 Cast: Foxfire           |   101 |   174 |    15 ||   290
       Sticky Flame      |       |     2 |     1 ||     3
  Use: Scroll            |       |       |     1 ||     1
Armor: Robe              |     3 |    10 |       ||    13
Dodge: Dodged            |     1 |    32 |       ||    33

Table legend: (Time is in decaauts)
 A = Elapsed time spent in this place.
 B = Non-inter-level travel time spent in this place.
 C = Inter-level travel time spent in this place.
 D = Time resting spent in this place.
 E = Time spent auto-exploring this place.
 F = Levels seen in this place.
 G = Mean time per level.
                   A        B        C        D        E       F      G
               +--------+--------+--------+--------+--------+-----+--------+
         Total |   6473 |   6314 |    159 |      0 |   5590 |   6 | 1078.8 |
       Dungeon |   6268 |   6134 |    134 |      0 |   5421 |   5 | 1253.6 |
        Temple |    204 |    179 |     25 |      0 |    169 |   1 |  204.0 |
               +--------+--------+--------+--------+--------+-----+--------+

Top non-repeatable levels by time:
     D:2: 1929 daAuts
     D:4: 1697 daAuts
     D:1: 1617 daAuts
     D:3: 997 daAuts
  Temple: 204 daAuts
     D:5: 26 daAuts
